 Dungeon Crawl Stone Soup version 0.26.1-15-g04117e645d (webtiles) character file.

Game seed: 7459272047270465282

9620 Froggeryz the Grappler (level 11, -6/109 HPs)
             Began as an Octopode Berserker on Aug 16, 2022.
             Was a High Priest of Trog.
             Mangled by a komodo dragon (26 damage)
             ... on level 10 of the Dungeon.
             The game lasted 00:14:35 (13962 turns).

Froggeryz the Grappler (Octopode Berserker)        Turns: 13962, Time: 00:14:36

Health: -6/109     AC:  2    Str: 17    XL:     11   Next: 49%
Magic:  11/11      EV: 18    Int: 17    God:    Trog [*****.]
Gold:   494        SH:  0    Dex: 13    Spells: 10/10 levels left

rFire    . . .     SeeInvis .     - Unarmed
rCold    . . .     Faith    .   (no shield)
rNeg     . . .     Spirit   .   C - +1 hat
rPois    +         Reflect  .   (no amulet)
rElec    .         Harm     .   n - +6 ring of intelligence
rCorr    .         Rampage  .   v - ring of flight
Will     .....                  y - ring of stealth
Stlth    ..........             o - ring of poison resistance
HPRegen  0.28/turn              (no ring)
MPRegen  0.12/turn              (no ring)
                                (no ring)
                                (no ring)

@: berserking, very quick
A: almost no armour, stealthy swim, amphibious, 8 rings, constrict 8, camouflage
1, gelatinous body 1
a: Renounce Religion, Evoke Flight, Berserk, Trog's Hand, Brothers in Arms


You were on level 10 of the Dungeon.
You worshipped Trog.
Trog was extremely pleased with you.
You visited 1 branch of the dungeon, and saw 11 of its levels.
You also visited: Ossuary.

You collected 613 gold pieces.
You spent 119 gold pieces at shops.

Inventory:

Missiles
 a - a throwing net
 e - 19 poisoned darts (quivered)
 z - 2 boomerangs
Armour
 C - a +1 hat (worn)
Jewellery
 n - a +6 ring of intelligence (left tentacle)
 o - a ring of poison resistance (on tentacle)
 v - a ring of flight (right tentacle)
 y - a ring of stealth (on tentacle)
Wands
 b - a wand of polymorph (6)
 f - a wand of flame (13)
 t - a wand of acid (19)
 u - a wand of random effects (13)
Scrolls
 d - a scroll of blinking {unknown}
 g - 4 scrolls of teleportation
 h - 4 scrolls of remove curse
 i - a scroll of enchant armour
 j - 2 scrolls of fear
 k - a scroll of immolation
 l - 2 scrolls of fog
 p - a scroll of identify
 w - 2 scrolls of magic mapping
Potions
 c - a potion of haste {unknown}
 m - 3 potions of curing
 q - 3 potions of ambrosia {unknown}
 r - 4 potions of heal wounds
 s - a potion of mutation {unknown}
 A - 2 potions of cancellation {unknown}
 B - 4 potions of lignification {unknown}


   Skills:
 - Level 6.3 Fighting
 + Level 9.2 Dodging
 * Level 14.1 Unarmed Combat


You had 10 spell levels left.
You didn't know any spells.
Your spell library was empty.

Dungeon Overview and Level Annotations

Branches:
Dungeon (11/15)            Temple (0/1) D:4            Lair (0/6) D:10
Ossuary (visited)
    Orc: D:9-12

Altars:
Cheibriados
Fedhas
Hepliaklqana
Makhleb
Okawaru
Qazlal
Ru
Trog
Xom
Yredelemnul
Zin

Shops:
D:4 ?


Innate Abilities, Weirdness & Mutations

You cannot wear most types of armour.
You are very stealthy in the water. (Stealth+)
You are amphibious.
You can wear up to eight rings at the same time.
You can use your tentacles to constrict eight enemies at once.
Your skin changes colour to match your surroundings (Stealth+).
Your rubbery body absorbs attacks. (AC +1, EV +1)


Message History

There is a stone staircase leading up here.
You climb upwards.
There is a stone staircase leading down here.
A red film seems to cover your vision as you go berserk!
You feel yourself moving faster!
You feel mighty! The komodo dragon bites you!!
* * * LOW HITPOINT WARNING * * *
You tentacle-slap the komodo dragon.
The komodo dragon is lightly wounded.
The komodo dragon misses you.
You barely miss the komodo dragon.
The komodo dragon is lightly wounded.
You barely miss the komodo dragon.
The komodo dragon is lightly wounded.
The komodo dragon completely misses you.
You batter the komodo dragon!!
The komodo dragon is severely wounded.
You barely miss the komodo dragon. You tentacle-slap the komodo dragon!
The komodo dragon is almost dead.
The komodo dragon bites you!!
You die...

####.......'....[....'...........
#.......####.........####....###.
#.##.#.## ##.......## ##.......
#.##.#.# ##.....## ###.####
#.##.#.#### ##...####### #.#
#.##......# ##........# #.#
#.####.##.# #>.#####.# #.#
#......##.# #l.# #.# #.#
#########.# ##@.#####.# #.# #.#
##.......#.# #.# #.# #.....##.#.#
#.# #.# ##...###.#.####.#
#.#####...###........#
#.......#.......######
#################


You could see a komodo dragon.

Vanquished Creatures
  Gastronok (D:8)
  A two-headed ogre (D:9)
  Pikel (D:7)
  A manticore (D:10)
  Maggie (D:8)
  3 trolls (D:9)
  Sigmund (D:3)
  A wraith (D:10)
  4 yaks
  A steam dragon (D:10)
  2 black bears
  3 orc warriors
  2 sky beasts
  2 ice beasts
  2 phantoms (D:8)
  4 centaurs
  4 ogres
  A lemure (D:7)
  A big kobold (D:10)
  6 bullfrogs
  4 scorpions
  7 killer bees
  12 wights
  2 howler monkeys
  4 centaur zombies (Ossuary)
  A quasit (D:5)
  2 orc priests
  2 bullfrog zombies
  8 orc wizards
  2 centaur skeletons (D:9)
  A gnoll shaman (D:10)
  A bullfrog skeleton (D:10)
  4 hounds
  2 iguanas
  Natasha (twice) (D:3)
  Terence (D:2)
  8 worker ants
  2 big kobold zombies (Ossuary)
  A hound skeleton (D:10)
  5 mummies (Ossuary)
  A worker ant zombie (D:7)
  11 gnolls
  2 howler monkey skeletons
  6 adders
  A shadow imp (D:5)
  4 white imps
  4 ufetubi
  2 oozes
  3 worms
  A dart slug (D:1)
  4 leopard geckos
  23 orcs
  6 bats
  6 giant cockroaches
  4 goblins
  5 hobgoblins
  3 jackals (D:1)
  5 quokkas
  3 ball pythons
  A frilled lizard (D:1)
  3 hobgoblin zombies (Ossuary)
  A jackal skeleton (D:6)
  7 kobolds
  5 rats
224 creatures vanquished.

Vanquished Creatures (others)
  A kobold (D:10)
  19 fungi (D:10)
  31 plants
51 creatures vanquished.

Grand Total: 275 creatures vanquished

Notes
Turn   | Place    | Note
-------+----------+-------------------------------------------
     0 | D:1      | Froggeryz the Octopode Berserker began the quest for the
                  | Orb.
     0 | D:1      | Reached XP level 1. HP: 16/16 MP: 1/1
   278 | D:1      | Reached XP level 2. HP: 6/21 MP: 2/2
   798 | D:1      | Reached XP level 3. HP: 26/26 MP: 3/3
  1184 | D:2      | Noticed Terence
  1194 | D:2      | Killed Terence
  1195 | D:2      | Reached skill level 4 in Unarmed Combat
  1195 | D:2      | Reached XP level 4. HP: 33/33 MP: 4/4
  1548 | D:2      | Reached ** piety under Trog
  1701 | D:2      | Reached XP level 5. HP: 37/37 MP: 5/5
  1875 | D:3      | Noticed Sigmund
  1897 | D:3      | Killed Sigmund
  1898 | D:3      | Reached skill level 5 in Unarmed Combat
  1898 | D:3      | Reached XP level 6. HP: 39/44 MP: 6/6
  2050 | D:3      | Reached skill level 6 in Unarmed Combat
  2201 | D:3      | Found a bloodstained altar of Trog.
  2413 | D:3      | Found an iron altar of Okawaru.
  2526 | D:3      | Noticed Natasha
  2530 | D:3      | Killed Natasha
  2734 | D:3      | Noticed Natasha
  2739 | D:3      | Killed Natasha
  2964 | D:4      | Found a staircase to the Ecumenical Temple.
  3082 | D:4      | Reached skill level 5 in Fighting
  3082 | D:4      | Reached XP level 7. HP: 46/50 MP: 7/7
  3327 | D:4      | Found Gibu Bycs's Magic Scroll Shop.
  3347 | D:4      | Bought a scroll of teleportation for 42 gold pieces
  3347 | D:4      | Bought a scroll of fear for 49 gold pieces
  3347 | D:4      | Bought a scroll of fog for 28 gold pieces
  3799 | D:4      | Found a hazy altar of Hepliaklqana.
  3838 | D:5      | Entered Level 5 of the Dungeon
  3948 | D:5      | Found a stormy altar of Qazlal.
  4269 | D:5      | Found a sand-covered staircase.
  4273 | Ossuary  | Entered an ossuary
  4495 | Ossuary  | Reached skill level 7 in Unarmed Combat
  5360 | D:6      | Reached *** piety under Trog
  5361 | D:6      | Reached XP level 8. HP: 8/57 MP: 8/8
  5663 | D:6      | Reached skill level 8 in Unarmed Combat
  5850 | D:6      | Found a basalt altar of Yredelemnul.
  5911 | D:6      | Found a glowing silver altar of Zin.
  5911 | D:6      | Found a sacrificial altar of Ru.
  5919 | D:6      | Found a snail-covered altar of Cheibriados.
  5921 | D:6      | Found a shimmering altar of Xom.
  5923 | D:6      | Found an iron altar of Okawaru.
  6137 | D:6      | Found a burning altar of Makhleb.
  6693 | D:7      | Reached skill level 9 in Unarmed Combat
  7476 | D:7      | Reached XP level 9. HP: 53/63 MP: 9/9
  8022 | D:7      | Noticed Pikel
  8035 | D:7      | Killed Pikel
  8036 | D:7      | Reached skill level 5 in Dodging
  8036 | D:7      | Reached skill level 10 in Unarmed Combat
  8393 | D:7      | Reached **** piety under Trog
  8626 | D:8      | Noticed Maggie
  8640 | D:8      | Killed Maggie
  8640 | D:8      | HP: 3/63 [phantom (7)]
  8641 | D:8      | Reached skill level 11 in Unarmed Combat
  8965 | D:8      | Reached XP level 10. HP: 33/69 MP: 10/10
  9216 | D:8      | Noticed Gastronok
  9227 | D:8      | Killed Gastronok
  9228 | D:8      | Reached skill level 12 in Unarmed Combat
  9325 | D:8      | Found a blossoming altar of Fedhas.
 10495 | D:9      | Reached skill level 13 in Unarmed Combat
 10866 | D:9      | Reached XP level 11. HP: 46/73 MP: 11/11
 11345 | D:9      | Reached ***** piety under Trog
 11490 | D:9      | Noticed a two-headed ogre
 11497 | D:9      | Killed a two-headed ogre
 12464 | D:10     | Entered Level 10 of the Dungeon
 12693 | D:10     | Noticed a manticore
 12706 | D:10     | Killed a manticore
 12707 | D:10     | Reached skill level 14 in Unarmed Combat
 13610 | D:10     | Found a staircase to the Lair.
 13962 | D:10     | Mangled by a komodo dragon

Illustrated notes

Levels and vault maps discovered:
D:1:      shiori_shiawase, layout_basic
D:2:      layout_rooms, uniq_terence
D:3:      layout_rooms, bloody_trog, minivault_23, okawaru_metal_pillars_1_2,
          uniq_natasha, uniq_sigmund
D:4:      layout_loops_ring, nzn_hepliaklqana_mist_gate,
          minmay_temple_entry_tees, serial_shops, shop_statue
D:5:      layout_basic, grunt_qazlal_clouds, enter_ossuary_5
D:6:      minmay_angry_zag, layout_gridville, lemuel_crystal_altar,
          chequers_temple_overflow_minitemple, hex_medium, amcnicky_altar_gilded
D:7:      layout_loops_corners, st_stairs_10, uniq_pikel
D:8:      layout_basic, fedhas_ov_isle_minmay, uniq_maggie, uniq_gastronok
D:9:      layout_layer_cave, minmay_diced_spiral
D:10:     layout_loops_corners, grunt_lair_entry_orc_guard_hut
D:11:     layout_roguey, orc_0_dummy, serial_bayou, serial_bayou_shore_a,
          serial_bayou_crossing, serial_bayou_pond_a, serial_bayou_pond_e,
          kennysheep_generic_room_16

Skill      XL: |  1  2  3  4  5  6  7  8  9 10 11 |
---------------+----------------------------------+-----
Unarmed Combat | 4 5 6 7 9 11 13 14 | 14.1
Fighting       | 4 5 6 |  6.3
Dodging        | 4 6 8 9 |  9.2

Action                   |  1- 3 |  4- 6 |  7- 9 | 10-12 || total
-------------------------+-------+-------+-------+-------++-------
Melee: Unarmed           |    57 |    92 |   254 |   227 ||   630
       Constrict         |    18 |    25 |    47 |    34 ||   124
       Tentacles         |     9 |    15 |    50 |    53 ||   127
       Punch             |     2 |     6 |    26 |    29 ||    63
Throw: Dart              |       |       |     1 |       ||     1
Invok: Berserk           |     1 |     2 |     3 |     5 ||    11
       Trog's Hand       |       |       |     1 |     1 ||     2
  Use: Potion            |       |     5 |     1 |       ||     6
       Scroll            |       |     3 |     2 |     7 ||    12
 Stab: Sleeping          |     2 |     5 |     9 |     8 ||    24
Armor: Skin              |       |     3 |     6 |     5 ||    14
Dodge: Dodged            |    39 |    44 |   127 |   190 ||   400
